 Dungeon Crawl Stone Soup version 0.29.1-12-g30fa7ad0bf (webtiles) character file.

Game seed: 7651880657757009546

18 Radix the Insei (level 2, 0/21 HPs)
             Began as a Human Transmuter on Dec 28, 2022.
             Constricted to death by a ball python (1 damage)
             ... on level 1 of the Dungeon.
             The game lasted 00:02:36 (631 turns).

Radix the Insei (Human Transmuter)                   Turns: 631, Time: 00:02:37

Health: 0/21       AC:  2    Str: 10    XL:     2   Next: 85%
Magic:  5/5        EV:  9    Int: 13    God:
Gold:   35         SH:  0    Dex: 13    Spells: 4/5 levels left

rFire   . . .      SeeInvis .   c - +4 short sword (speed)
rCold   . . .      Faith    .   (no shield)
rNeg    . . .      Spirit   .   a - +0 robe
rPois   .          Reflect  .   (no helmet)
rElec   .          Harm     .   (no cloak)
rCorr   .          Rampage  .   (no gloves)
Will    .....                   (no boots)
Stlth   +.........              (no amulet)
HPRegen 0.07/turn               (no ring)
MPRegen 0.09/turn               (no ring)

@: constricted
A: no striking features
a: no special abilities


You were on level 1 of the Dungeon.
You visited 1 branch of the dungeon, and saw 1 of its levels.

You collected 35 gold pieces.

Inventory:

Hand Weapons
 c - a +4 short sword of speed (weapon)
Armour
 a - a +0 robe (worn)
Scrolls
 d - 3 scrolls of summoning {unknown}
Potions
 b - 2 potions of lignification


   Skills:
 + Level 1.4 Fighting
 - Level 2.0 Dodging
 + Level 3.2 Unarmed Combat
 + Level 2.2 Spellcasting
 + Level 2.3 Transmutations


You had 4 spell levels left.
You knew the following spells:

 Your Spells              Type           Power      Damage    Failure   Level
a - Beastly Appendage     Tmut           14%        N/A       10%         1

Your spell library contained the following spells:

 Spells                   Type           Power      Damage    Failure   Level
 Wereblood                Tmut           7%         N/A       14%         2
 Spider Form              Tmut/Pois      4%         N/A       43%         3
 Ice Form                 Ice/Tmut       4%         N/A       83%         4


Dungeon Overview and Level Annotations

Branches:
Dungeon (1/15)

Altars:


Message History

You kill the bat!
A quokka and a ball python come into view.
You miss the quokka. You punch the quokka, but do no damage.
The quokka bites you.
You hit the quokka but do no damage. The quokka bites you.
You barely miss the quokka. The quokka bites you.
You barely miss the quokka. The quokka bites you.
You barely miss the quokka.
The ball python bites you but does no damage.
The ball python closely misses you. The quokka bites you.
You barely miss the quokka. The ball python completely misses you.
The ball python barely misses you.
You completely miss the quokka.
The quokka bites you but does no damage.
The ball python misses you. The ball python barely misses you.
You closely miss the quokka. The quokka closely misses you.
The ball python barely misses you. The ball python closely misses you.
You hit the quokka.
The quokka is lightly wounded.
The quokka barely misses you. The ball python barely misses you.
The ball python grabs you. The ball python constricts you.
* * * LOW HITPOINT WARNING * * *
You hit the quokka.
The quokka is heavily wounded.
The quokka bites you.
* * * LOW HITPOINT WARNING * * *
The ball python closely misses you. The ball python constricts you.
* * * LOW HITPOINT WARNING * * *
You closely miss the quokka.
The quokka is heavily wounded.
The quokka barely misses you.
You completely miss the quokka.
The quokka is heavily wounded.
The ball python barely misses you. The ball python constricts you.
* * * LOW HITPOINT WARNING * * *
The quokka misses you.
You closely miss the quokka.
The quokka is heavily wounded.
The ball python closely misses you. The ball python constricts you.
You die...

.... .............# #...
#.............# ##
.............# ##
#...........##
...#...........########
...........#......... #
..........#......... ##
######r###..##.........
.#
#....S@................
.#
...######.....#.........
.###.. #####.#.........
........ #..#########
.....### #..# ..#.##
##.# #...# ### .....
.....


You could see a quokka and a ball python.

Vanquished Creatures
  A dart slug (D:1)
  A ball python (D:1)
  An endoplasm (D:1)
  2 goblins (D:1)
  2 quokkas (D:1)
  3 bats (D:1)
  3 frilled lizards (D:1)
  2 kobolds (D:1)
  A rat (D:1)
16 creatures vanquished.

Vanquished Creatures (others)
  A fungus (D:1)
1 creature vanquished.

Grand Total: 17 creatures vanquished

Notes
Turn   | Place    | Note
-------+----------+-------------------------------------------
     0 | D:1      | Radix the Human Transmuter began the quest for the Orb.
     0 | D:1      | Reached XP level 1. HP: 15/15 MP: 3/3
   337 | D:1      | Reached XP level 2. HP: 16/21 MP: 3/5
   437 | D:1      | Found a faded altar of an unknown god.
   630 | D:1      | HP: 1/21 [constriction (1)]
   631 | D:1      | Constricted to death by a ball python

Illustrated notes

Levels and vault maps discovered:
D:1:      grunt_arrival_crossed_arrows, layout_rooms,
          dreamdust_ecumenical_altar_grove

Action                   || total
-------------------------++-------
Melee: Unarmed           ||    17
       Kick              ||     4
       Headbutt          ||     1
       Short sword       ||    39
       Punch             ||     1
 Cast: Beastly Appendage ||     2
 Stab: Sleeping          ||     1
Armor: Robe              ||     9
Dodge: Dodged            ||    44
